 Dungeon Crawl Stone Soup version 0.20.1-1-g8b1a95d (console) character file.

13405 hilaritas the Cleaver (level 12, -9/87 HPs)
             Began as a Formicid Fighter on Aug 1, 2017.
             Was an Elder of Okawaru.
             Mangled by Agnes
             ... wielding a +2 vampiric lajatang
              (16 damage)
             ... on level 14 of the Dungeon.
             The game lasted 00:29:48 (12149 turns).

hilaritas the Cleaver (Formicid Fighter)           Turns: 12149, Time: 00:29:49

Health: -9/87      AC: 20    Str: 29    XL:     12   Next: 32%
Magic:  18/18      EV:  8    Int:  8    God:    Okawaru [****..]
Gold:   543        SH:  0    Dex: 10    Spells: 10/11 levels left

rFire    + . .     SeeInvis +   l - +0 broad axe
rCold    . . .     Gourm    .   c - +1 shield
rNeg     . . .     Faith    .   h - +1 storm dragon scales
rPois    .         Spirit   .   (helmet unavailable)
rElec    +         Reflect  .   q - +2 cloak
rCorr    .         Harm     .   F - +1 pair of gloves {Str+3}
MR       +....                  (no boots)
Stlth    ..........             (no amulet)
Regen    0.3/turn               (no ring)
MPRegen  0.2/turn               (no ring)

@: confused, finesse, heavily drained
A: permanent stasis, dig shafts and tunnels, four strong arms, antennae 3,
camouflage 1, fire resistance 1, frail 1
a: Dig, Shaft Self, Heroism, Renounce Religion


You were on level 14 of the Dungeon.
You worshipped Okawaru.
Okawaru was greatly pleased with you.
You were hungry.

You visited 1 branch of the dungeon, and saw 12 of its levels.
You also visited: Labyrinth.

You collected 663 gold pieces.
You spent 120 gold pieces at shops.

Inventory:

Hand Weapons
 l - a +0 broad axe (weapon)
 w - a +1 hand axe of flaming
Missiles
 k - 3 javelins of returning (quivered)
 v - 9 tomahawks
Armour
 c - a +1 shield (worn)
 h - +1 storm dragon scales (worn)
 q - a +2 cloak (worn)
 F - a +1 pair of gloves of strength (worn)
Wands
 g - a wand of iceblast (11/15)
 n - a wand of polymorph (8/24)
 x - a wand of disintegration (14/24)
 z - a wand of random effects (15/48)
 A - a wand of iceblast (10/15)
 B - a wand of flame (25/48)
 H - a wand of disintegration (13/24)
 J - a wand of flame (27/48)
Scrolls
 a - a scroll of enchant armour
 e - 5 scrolls of identify
 m - 7 scrolls of remove curse
 u - 2 scrolls of amnesia
 G - a scroll of fog
Potions
 d - a potion of magic
 i - a potion of ambrosia
 o - 4 potions of agility
 p - a potion of curing
 s - 2 potions of flight
 C - a potion of cancellation
 E - 2 potions of brilliance
 I - 2 potions of haste {unknown}
Comestibles
 b - 8 royal jellies
 f - 7 bread rations
 j - 2 chunks of flesh
 t - 4 meat rations


   Skills:
 - Level 10.0(8.0) Fighting
 - Level 10.4(8.4) Axes
 + Level 9.6(7.6) Armour
 - Level 10.0(8.0) Shields
 * Level 9.3(7.3) Invocations


You had 10 spell levels left.
You knew the following spells:

 Your Spells              Type           Power        Failure   Level  Hunger
a - Apportation           Tloc           #.....       94%         1    ##.....


Dungeon Overview and Level Annotations

Branches:
Dungeon (11/15)            Temple (0/1) D:6             Orc (0/2) D:10
   Lair: D:8-11

Altars:
Ashenzari
Cheibriados
Dithmenos
Hepliaklqana
Okawaru
Trog
Uskayaw
Vehumet
Xom
Yredelemnul

Shops:
D:5 :   D:8 !

Annotations:
D:14 Agnes


Innate Abilities, Weirdness & Mutations

You cannot be hasted, slowed, berserked, paralysed or teleported.
You can dig through walls and to a lower floor.
Your four strong arms can wield two-handed weapons with a shield.
You have a pair of large antennae on your head. (SInv)
Your skin changes colour to match your surroundings (Stealth+).
Your flesh is heat resistant. (rF+)
You are frail. (-10% HP)


Message History

You block Agnes's attack.
You barely miss Agnes.
Agnes is moderately wounded.
Agnes barely misses you.
You closely miss Agnes.
Agnes is moderately wounded.
You block Agnes's attack.
You slash Agnes!
Agnes is moderately wounded.
Agnes hits you with a vampiric lajatang!!
* * * LOW HITPOINT WARNING * * *
Agnes draws strength from your wounds!
You are confused.
You feel invigorated. Agnes hits you but does no damage.
You completely miss Agnes.
Agnes is lightly wounded.
Agnes hits you with a vampiric lajatang.
* * * LOW HITPOINT WARNING * * *
Agnes hits you with a vampiric lajatang!
You die...

.#.#.#.#.#
..........
#........##
........
......##
#.....#
######...##
##.....i@..#
#.........##
.......##..#
.....###..##
##.# ##....#
######....##
##=##......#
#......##
#.......#


You could see Agnes.

Vanquished Creatures
  A minotaur (Lab)
  A two-headed ogre (D:11)
  The ghost of Starchild the Cruncher, a novice FoFi of Hepliaklqana (D:8)
  An unseen horror (D:10)
  The ghost of froobite the Carver, a novice MiBe of Trog (D:7)
  The ghost of Rhok the Cleaver, a novice MiFi of Trog (D:6)
  An orc sorcerer (D:14)
  Maurice (D:9)
  A kobold demonologist (D:8)
  3 trolls
  2 hornets
  Grinder (D:6)
  A hippogriff (D:7)
  5 yaks
  A wyvern (D:10)
  A human (D:8)
  A vampire (D:10)
  2 hogs (D:8)
  5 hungry ghosts
  An acid dragon (D:10)
  A soldier ant (D:11)
  A water moccasin (D:10)
  3 orc warriors
  3 ice beasts
  A sky beast (D:9)
  2 black bears
  4 phantoms
  9 ogres
  4 centaurs
  A crocodile (D:11)
  3 big kobolds (D:8)
  3 bullfrogs
  A gnoll sergeant (D:11)
  A water moccasin zombie (D:8)
  2 troll zombies (D:10)
  6 killer bees (D:9)
  6 howler monkeys
  4 wights (D:14)
  7 crimson imps
  A bullfrog zombie (D:10)
  A centaur zombie (D:8)
  4 hounds
  A jelly (D:7)
  A gnoll shaman (D:8)
  3 orc priests
  5 orc wizards
  4 bullfrog skeletons
  2 centaur skeletons
  Ijyb (D:4)
  An iguana (D:9)
  9 worker ants
  4 ogre zombies (D:10)
  2 howler monkey skeletons
  13 gnolls
  14 adders
  4 shadow imps
  3 adder skeletons
  3 worms
  4 dart slugs (D:1)
  4 leopard geckos
  44 orcs
  A ball python (D:3)
  5 giant cockroaches
  9 goblins
  6 hobgoblins
  17 jackals
  9 kobolds
  5 quokkas
  13 bats
  3 frilled lizards
  2 hobgoblin zombies (D:10)
  A jackal zombie (D:8)
  3 leopard gecko skeletons
  17 orc zombies (D:10)
  7 rats
320 creatures vanquished.

Notes
Turn   | Place    | Note
-------+----------+-------------------------------------------
     0 | D:1      | hilaritas the Formicid Fighter began the quest for the Orb.
     0 | D:1      | Reached XP level 1. HP: 18/18 MP: 1/1
   268 | D:1      | Reached XP level 2. HP: 24/24 MP: 2/2
   574 | D:1      | Reached XP level 3. HP: 29/29 MP: 3/3
   777 | D:2      | Found a shadowy altar of Dithmenos.
   949 | D:2      | Reached XP level 4. HP: 35/35 MP: 4/4
  1511 | D:3      | Reached skill level 5 in Shields
  1653 | D:3      | Found a radiant altar of Vehumet.
  1659 | D:3      | Found a shimmering altar of Xom.
  1702 | D:3      | Reached XP level 5. HP: 41/41 MP: 5/5
  1976 | D:3      | Found an iron altar of Okawaru.
  1996 | D:3      | Became a worshipper of Warmaster Okawaru
  2186 | D:4      | Found a basalt altar of Yredelemnul.
  2204 | D:4      | Reached XP level 6. HP: 34/47 MP: 6/6
  2496 | D:4      | Reached skill level 5 in Axes
  2496 | D:4      | Reached skill level 1 in Invocations
  2528 | D:4      | Noticed Ijyb
  2543 | D:4      | Killed Ijyb
  2586 | D:4      | Found a hazy altar of Hepliaklqana.
  2641 | D:4      | Gained mutation: Your skin changes colour to match your surroundings (Stealth+). [potion of mutation]
  2641 | D:4      | Gained mutation: You are frail. (-10% HP) [potion of mutation]
  2641 | D:4      | Gained mutation: Your flesh is heat resistant. (rF+) [potion of mutation]
  2824 | D:4      | Noticed a phantom
  2845 | D:4      | Killed a phantom
  2845 | D:4      | Reached * piety under Okawaru
  2845 | D:4      | Reached XP level 7. HP: 23/46 MP: 8/8
  3175 | D:5      | Entered Level 5 of the Dungeon
  3637 | D:5      | Learned a level 1 spell: Apportation
  3654 | D:5      | Found Lucs's Book Shoppe.
  4159 | D:5      | Reached XP level 8. HP: 45/52 MP: 9/9
  4432 | D:6      | Reached ** piety under Okawaru
  4493 | D:6      | Noticed Grinder
  4525 | D:6      | Killed Grinder
  4771 | D:6      | Found a staircase to the Ecumenical Temple.
  4975 | D:6      | Noticed Rhok's ghost (novice MiFi)
  4988 | D:6      | Killed Rhok's ghost
  4988 | D:6      | Reached *** piety under Okawaru
  4988 | D:6      | Reached XP level 9. HP: 41/57 MP: 8/11
  5756 | D:7      | Noticed froobite's ghost (novice MiBe)
  5777 | D:7      | Killed froobite's ghost
  5777 | D:7      | Received a gift from Okawaru
  5777 | D:7      | Reached skill level 10 in Axes
  5789 | D:7      | Noticed a hippogriff
  5795 | D:7      | Killed a hippogriff
  6100 | D:7      | Found a snail-covered altar of Cheibriados.
  6171 | D:7      | Found a bloodstained altar of Trog.
  6270 | D:7      | Reached skill level 5 in Invocations
  6275 | D:7      | Found a hide-covered altar of Uskayaw.
  6413 | D:7      | Reached XP level 10. HP: 60/65 MP: 13/13
  6740 | D:8      | Noticed Starchild's ghost (novice FoFi)
  6764 | D:8      | Killed Starchild's ghost
  6764 | D:8      | Received a gift from Okawaru
  6764 | D:8      | Reached **** piety under Okawaru
  6764 | D:8      | Reached skill level 5 in Fighting
  6924 | D:8      | Noticed a kobold demonologist
  6944 | D:8      | Noticed a soul eater
  6949 | D:8      | Killed a kobold demonologist
  7311 | D:8      | Reached skill level 5 in Armour
  7420 | D:8      | Reached XP level 11. HP: 66/74 MP: 16/16
  7486 | D:8      | Found Exkeufun's Distillery.
  7492 | D:8      | Bought a potion of cancellation for 120 gold pieces
  7801 | D:8      | Reached ***** piety under Okawaru
  8278 | D:9      | Reached skill level 10 in Shields
  8470 | D:9      | Noticed Maurice
  8492 | D:9      | Killed Maurice
  8560 | D:9      | Received a gift from Okawaru
  9429 | D:10     | Entered Level 10 of the Dungeon
  9515 | D:10     | Found a staircase to the Orcish Mines.
  9918 | D:10     | Noticed an unseen horror
  9945 | D:10     | Killed an unseen horror
 10483 | D:10     | Reached skill level 10 in Fighting
 10843 | D:10     | Reached XP level 12. HP: 64/87 MP: 16/18
 11178 | D:11     | Found a labyrinth entrance.
 11192 | Lab      | Entered a labyrinth
 11384 | Lab      | Noticed a minotaur
 11399 | Lab      | HP: 2/87 [minotaur/triple sword of draining (3)]
 11401 | Lab      | Killed a minotaur
 11646 | D:11     | Noticed a two-headed ogre
 11659 | D:11     | Killed a two-headed ogre
 11959 | D:11     | You fall through a shaft for 3 floors!
 11959 | D:14     | Found a shattered altar of Ashenzari.
 12127 | D:14     | Noticed Agnes
 12148 | D:14     | HP: 3/87 [Agnes/vampiric lajatang (6)]
 12149 | D:14     | Mangled by Agnes

Skill      XL: |  1  2  3  4  5  6  7  8  9 10 11 12 |
---------------+-------------------------------------+-----
Shields        | 4 5 6 7 9 10 | 10.0
Axes           | 3 4 6 7 9 10 | 10.4
Invocations    | 1 2 3 5 7 8 9 |  9.3
Fighting       | 4 6 10 | 10.0
Armour         | 5 7 9 |  9.6

Action                   |  1- 3 |  4- 6 |  7- 9 | 10-12 || total
-------------------------+-------+-------+-------+-------++-------
Melee: War axe           |   113 |   187 |   326 |   460 ||  1086
       Broad axe         |       |       |       |   214 ||   214
Throw: Throwing net      |       |       |       |     1 ||     1
Invok: Heroism           |       |       |     5 |    14 ||    19
       Finesse           |       |       |       |     1 ||     1
  Use: Potion            |       |     2 |     1 |     8 ||    11
       Scroll            |       |     7 |     3 |     9 ||    19
  Eat: Chunk             |       |     7 |    12 |    19 ||    38
       Royal jelly       |       |       |       |     2 ||     2
Armor: Scale mail        |    65 |    61 |    29 |       ||   155
       Plate armour      |       |       |    76 |   234 ||   310
       Storm dragon scal |       |       |       |    35 ||    35
Dodge: Dodged            |    44 |    62 |    59 |   156 ||   321
Block: Shield            |    71 |   106 |   184 |   467 ||   828
